 Seeded DCSS version 0.29-a0-72-g1732ff48e7 (webtiles) character file.

Game seed: 10000000000011 (custom seed)

235 knot the Chopper (level 5, -1/38 (41) HPs)
             Began as a Demonspawn Berserker on Feb 4, 2022.
             Was a Believer of Trog.
             Killed from afar by Dowan (21 damage)
             ... with a shard of ice
             ... on level 4 of the Dungeon.
             The game lasted 00:02:55 (3583 turns).

knot the Chopper (Demonspawn Berserker)             Turns: 3583, Time: 00:02:59

HP:   -1/38 (41)    AC:  2    Str: 17    XL:     5   Next: 76%
MP:   5/5           EV: 12    Int: 11    God:    Trog [**....]
Gold: 105           SH:  5    Dex: 12    Spells: 4/4 levels left

rFire   . . .      SeeInvis .   a - +0 hand axe
rCold   . . .      Faith    .   (no shield)
rNeg    . . .      Spirit   .   b - +0 animal skin
rPois   .          Reflect  +   (no helmet)
rElec   .          Harm     .   (no cloak)
rCorr   .          Rampage  .   (no gloves)
Will    .....                   (no boots)
Stlth   +.........              d - amulet of reflection
HPRegen 0.12/turn               (no ring)
MPRegen 0.18/turn               (no ring)

@: on berserk cooldown, slowed, drained, very slow
A: magic regeneration, demonic touch 1
a: Renounce Religion, Berserk, Trog's Hand


You were on level 4 of the Dungeon.
You worshipped Trog.
Trog was pleased with you.
You visited 1 branch of the dungeon, and saw 4 of its levels.

You collected 105 gold pieces.

Inventory:

Hand Weapons
 a - a +0 hand axe (weapon)
Missiles
 f - 69 stones
 l - a poisoned dart (quivered)
 p - 4 boomerangs
Armour
 b - a +0 animal skin (worn)
Jewellery
 d - an amulet of reflection (around neck)
Wands
 o - a wand of polymorph (3)
Scrolls
 c - a scroll of amnesia {unknown}
 j - 2 scrolls of identify {unknown}
 m - 2 scrolls of blinking {unknown}
 n - a scroll of fog {unknown}
Potions
 e - a potion of curing {unknown}
 g - a potion of lignification {unknown}
 h - a potion of might {unknown}
 i - a potion of magic {unknown}
 k - a potion of heal wounds {unknown}


   Skills:
 - Level 3.0 Fighting
 * Level 6.0 Axes
 * Level 0.0 Throwing
 - Level 1.7 Armour
 - Level 1.7 Dodging


You had 4 spell levels left.
You didn't know any spells.
Your spell library contained the following spells:

 Spells                   Type           Power      Damage    Failure   Level
 Corpse Rot               Necr/Air       0%         N/A       47%         2
 Ensorcelled Hibernation  Hex/Ice        0%         N/A       47%         2
 Passwall                 Tmut/Erth      0%         N/A       47%         2
 Poisonous Vapours        Pois/Air       0%         N/A       47%         2
 Swiftness                Air            0%         N/A       71%         3


Dungeon Overview and Level Annotations

Branches:
Dungeon (4/15)
 Temple: D:4-7

Altars:

Shops:
D:3 [

Annotations:
D:4 Dowan


Innate Abilities, Weirdness & Mutations

You regenerate magic rapidly.
Your touch may inflict minor irresistible damage on your foes.


Message History

Duvessa is moderately wounded.
Duvessa bites you.
You slash Duvessa!
You touch Duvessa.
You kill Duvessa!
Trog accepts your kill.
You hear a distant wail of despair.
Your Axes skill increases to level 6!
No target in view!
You start resting.
Dowan, Brother of Duvessa comes into view.
He is wielding a +0 dagger, wearing a +2 robe of fire resistance and carrying a wand of flame (28).
Dowan is nearby!
Dowan is nearby!
Okay, then.
Unknown command.
Unknown command.
Throw: 2 darts (poison)
Press: ? - help, Q - select action, (/) - cycle Shift-Dir - straight line, f - Dowan
Aim: Dowan, wielding a +0 dagger, wearing a +2 robe of fire resistance and carrying a wand of flame (28) (wandering, hasn't noticed you, 46% to hit)
You throw a poisoned dart. The poisoned dart barely misses Dowan.
Dowan shouts!
Dowan seems to find hidden reserves of power!
Dowan points at you and mumbles some strange words.
The stone arrow misses you.
Dowan mumbles some strange words.
Dowan blinks!
A red film seems to cover your vision as you go berserk!
You feel yourself moving faster!
You feel mighty!
Dowan mumbles some strange words.
Dowan blinks!
You feel a strong urge to attack something.
Dowan zaps a wand.
The puff of flame hits you.
You feel your anger nearly subside.
Dowan zaps a wand.
The puff of flame hits you!
You are no longer berserk.
You are exhausted.
You feel yourself slow down.
Dowan points at you and mumbles some strange words.
The shard of ice hits you!!
Ouch! That really hurt!
You die...

###########
#........>####################
#..............e..............
##
#.....>...###################.
.###.......>.#......#### ##
..##########............
)...###### ##..e@)..##
.##.....)####........#
.#######).....######.# ..##
######.# # #..## #..# ##..#
##.# ##.# .# #.## .# #..## .#


You could see Dowan (fast).

Vanquished Creatures
  An ogre (D:3)
  An orc priest (D:4)
  A river rat (D:4)
  5 adders
  2 orcs (D:4)
  6 endoplasms
  2 giant cockroaches
  3 goblins
  5 hobgoblins
  14 jackals
  2 ball pythons
  7 bats
  5 frilled lizards
  3 kobolds
  5 rats
62 creatures vanquished.

Notes
Turn   | Place    | Note
-------+----------+-------------------------------------------
     0 | D:1      | knot the Demonspawn Berserker began the quest for the Orb.
     0 | D:1      | Reached XP level 1. HP: 18/18 MP: 1/1
    68 | D:1      | Reached skill level 3 in Axes
   141 | D:1      | Gained mutation: You regenerate magic rapidly. [demonic
                  | ancestry]
   141 | D:1      | Reached XP level 2. HP: 19/24 MP: 2/2
   873 | D:1      | Reached ** piety under Trog
  1260 | D:2      | Gained mutation: Your touch may inflict minor irresistible
                  | damage on your foes. [demonic ancestry]
  1260 | D:2      | Reached XP level 3. HP: 25/29 MP: 3/3
  1402 | D:2      | Reached skill level 4 in Axes
  2128 | D:2      | Reached XP level 4. HP: 21/35 MP: 4/4
  2603 | D:3      | Noticed an ogre
  2609 | D:3      | HP: 1/52 [ogre (22)]
  2614 | D:3      | Killed an ogre
  2615 | D:3      | Reached skill level 5 in Axes
  2615 | D:3      | Reached XP level 5. HP: 2/41 MP: 5/5
  2922 | D:3      | Found Daocsar's Antique Armour Emporium.
  3410 | D:4      | Noticed Duvessa
  3547 | D:4      | Noticed Duvessa
  3547 | D:4      | Duvessa changed into Duvessa the river rat
  3549 | D:4      | Killed Duvessa the river rat
  3550 | D:4      | Reached skill level 6 in Axes
  3577 | D:4      | Noticed Dowan
  3583 | D:4      | Killed from afar by Dowan

Illustrated notes

Levels and vault maps discovered:
D:1:      lordsloth_arrival_two_stooges, layout_basic, grunt_decor_fettered,
          minmay_misc_feat_diagonals, nicolae_concentric_dashed_squares_wild
D:2:      layout_rooms, hangedman_decor_clover_reticule
D:3:      layout_basic, serial_shops, shop, kennysheep_path_1
D:4:      layout_rooms, temple_doors_e, uniq_duvessa, uniq_ijyb

Skill      XL: |  1  2  3  4  5 |
---------------+----------------+-----
Axes           | 3 4 5 6 |  6.0
Fighting       | |  3.0
Armour         | |  1.7
Dodging        | |  1.7

Action                   |  1- 3 |  4- 6 || total
-------------------------+-------+-------++-------
Melee: Hand axe          |   114 |    66 ||   180
       Touch             |     4 |    15 ||    19
       Punch             |     1 |       ||     1
Throw: Dart              |       |     1 ||     1
Invok: Berserk           |     2 |     4 ||     6
Evoke: Wand              |       |     5 ||     5
 Stab: Sleeping          |     1 |       ||     1
Armor: Animal skin       |    18 |    19 ||    37
Dodge: Dodged            |    67 |    50 ||   117
Block: Other             |    25 |    24 ||    49

Table legend: (Time is in decaauts)
 A = Elapsed time spent in this place.
 B = Non-inter-level travel time spent in this place.
 C = Inter-level travel time spent in this place.
 D = Time resting spent in this place.
 E = Time spent auto-exploring this place.
 F = Levels seen in this place.
 G = Mean time per level.
                   A        B        C        D        E       F      G
               +--------+--------+--------+--------+--------+-----+--------+
         Total |   3644 |   3579 |     65 |   1039 |   2071 |   4 |  911.0 |
       Dungeon |   3644 |   3579 |     65 |   1039 |   2071 |   4 |  911.0 |
               +--------+--------+--------+--------+--------+-----+--------+

Top non-repeatable levels by time:
     D:1: 1260 daAuts
     D:2: 1235 daAuts
     D:3: 834 daAuts
     D:4: 313 daAuts
